Map: Ciężka Artyleria ER

Players

Mathar

  • Race: Protoss Protoss
  • Spawn Location: 7:00

Rox

  • Race: Terran Terran
  • Spawn Location: 7:00

Legol - Winner!

  • Race: Protoss Protoss
  • Spawn Location: 3:00

blue - Winner!

  • Race: Protoss Protoss
  • Spawn Location: 1:00

VOD

Have the link to the VOD?

Description

Time

  • Played on: Dec. 27, 2019, 3:19 p.m.
  • Length: 20:13
Show
View Real Time Build Order
Export as new Build Order

Mathar Protoss 

Build Orders: Carriers 

Get SALT Encoding   

  12  0:30  Probe (Chrono Boost)  
  13  0:42  Probe (Chrono Boost)  
  14  0:47  Probe (Chrono Boost), Pylon  
  15  1:05  Probe  
  16  1:13  Nexus  
  16  1:17  Probe (Chrono Boost)  
  17  1:28  Probe (Chrono Boost)  
  17  1:29  Assimilator  
  17  1:32  Probe (Chrono Boost)  
  19  1:43  Probe  
  20  1:48  Assimilator, Gateway  
  20  1:55  Probe  
  21  2:08  Probe (Chrono Boost)  
  22  2:20  Probe (Chrono Boost)  
  23  2:26  Probe (Chrono Boost)  
  23  2:29  Pylon  
  24  2:35  Probe (Chrono Boost)  
  24  2:36  Cybernetics Core  
  25  2:42  Probe (Chrono Boost)  
  26  2:48  Assimilator  
  27  2:52  Probe (Chrono Boost)  
  27  2:53  Probe (Chrono Boost)  
  27  2:58  Probe (Chrono Boost)  
  28  3:00  Probe  
  30  3:06  Pylon  
  30  3:08  Probe  
  30  3:12  Probe  
  32  3:17  Stargate  
  32  3:18  Stargate  
  32  3:20  Probe  
  32  3:24  Forge  
  32  3:27  Pylon  
  33  3:38  Assimilator, Probe (Chrono Boost)  
  34  3:43  Pylon  
  36  3:48  Probe (Chrono Boost)  
  36  3:51  Probe (Chrono Boost)  
  36  3:53  Probe (Chrono Boost)  
  37  3:57  Photon Cannon  
  37  4:00  Shield Battery  
  37  4:05  Photon Cannon  
  37  4:08  Shield Battery  
  37  4:13  Phoenix  
  37  4:16  Probe  
  40  4:20  Phoenix  
  42  4:37  Probe (Chrono Boost)  
  42  4:38  Phoenix  
  45  4:42  Pylon  
  45  4:45  Phoenix  
  47  4:49  Probe (Chrono Boost)  
  38  4:56  Probe (Chrono Boost), Protoss Air Weapons Level 1 (Chrono Boost)  
  33  5:10  Phoenix (Chrono Boost)  
  33  5:13  Probe  
  36  5:19  Probe  
  37  5:25  Probe  
  38  5:30  Phoenix (Chrono Boost)  
  38  5:31  Probe (Chrono Boost)  
  41  5:40  Probe (Chrono Boost)  
  42  5:44  Probe (Chrono Boost)  
  42  5:49  Phoenix  
  46  5:52  Probe (Chrono Boost)  
  46  5:53  Probe (Chrono Boost)  
  47  5:58  Probe  
  47  6:03  Probe  
  49  6:04  Protoss Shields Level 1  
  49  6:10  Probe  
  50  6:12  Void Ray  
  50  6:15  Probe  
  51  6:41  Probe  
  52  6:49  Probe  
  52  6:53  Probe  
  54  7:01  Probe  
  55  7:05  Probe  
  56  7:13  Probe  
  55  7:19  Phoenix x2  
  59  7:25  Stargate  
  59  7:29  Fleet Beacon  
  59  7:31  Pylon  
  59  7:44  Nexus, Phoenix x2  
  61  7:48  Pylon  
  63  7:52  Assimilator  
  63  8:03  Phoenix  
  63  8:09  Anion Pulse-Crystals (Chrono Boost), Phoenix x2  
  69  8:23  Phoenix  
  69  8:34  Phoenix x2  
  75  8:43  Photon Cannon  
  75  8:44  Shield Battery  
  75  8:47  Pylon  
  75  8:52  Phoenix  
  77  8:59  Carrier  
  83  9:15  Protoss Air Weapons Level 2 (Chrono Boost)  
  63  10:30  Probe  
  63  10:34  Phoenix  
  63  10:35  Tempest, Carrier  
  77  10:42  Probe  
  78  10:45  Probe  
  79  10:54  Probe  
  80  10:59  Phoenix  
  80  11:00  Stargate  
  82  11:06  Probe  
  82  11:07  Pylon  
  83  11:18  Tempest, Probe  
  88  11:24  Carrier  
  95  11:35  Protoss Air Armor Level 1 (Chrono Boost)  
  94  11:48  Photon Cannon  
  94  12:30  Nexus  
  94  12:33  Pylon  
  94  12:38  Tempest (Chrono Boost), Void Ray (Chrono Boost), Carrier (Chrono Boost)  
  115  12:46  Carrier (Chrono Boost)  
  115  12:47  Pylon  
  115  12:48  Pylon  
  114  13:12  Probe  
  115  13:13  Assimilator  
  115  13:21  Tempest (Chrono Boost)  
  115  13:22  Carrier (Chrono Boost)  
  115  13:24  Probe  
  127  13:32  Tempest  
  132  13:41  Robotics Facility  
  132  13:43  Void Ray  
  136  13:49  Nexus  
  136  13:59  Pylon  
  136  14:07  Tempest  
  141  14:17  Carrier  
  147  14:27  Photon Cannon  
  147  14:28  Photon Cannon  
  147  14:30  Photon Cannon  
  147  14:33  Shield Battery  
  147  14:34  Pylon  
  147  14:40  Assimilator  
  147  14:45  Void Ray  
  147  14:52  Void Ray  
  155  14:55  Observer  
  156  15:09  Probe  
  157  15:15  Tempest  
  157  15:21  Probe, Void Ray  
  163  15:25  Protoss Air Weapons Level 3 (Chrono Boost)  
  167  15:35  Void Ray  
  171  16:03  Carrier  
  89  16:32  Tempest  
  89  16:33  Tempest x2  
  104  16:43  Photon Cannon  
  104  16:44  Shield Battery  
  91  17:07  Carrier  
  92  17:15  Tempest  
  92  17:16  Tempest, Void Ray  
  55  18:34  Tempest, Void Ray  
  55  18:35  Tempest, Carrier  
  75  18:50  Probe  
  75  18:55  Photon Cannon  
  76  18:57  Photon Cannon  
  76  19:02  Probe  
  75  19:14  Probe  
  72  19:34  Photon Cannon x2  
  67  19:39  Shield Battery  
  67  19:44  Photon Cannon  
Show
View Real Time Build Order
Export as new Build Order

Rox Terran 

Build Orders:  

Get SALT Encoding   

  12  0:01  SCV  
  13  0:13  SCV  
  14  0:18  Supply Depot  
  14  0:26  SCV  
  15  0:35  Refinery  
  15  0:39  SCV  
  16  0:45  Barracks  
  16  0:51  SCV  
  17  1:01  Refinery  
  17  1:03  SCV  
  18  1:15  SCV  
  19  1:31  Reaper  
  19  1:32  Orbital Command  
  20  1:39  Supply Depot  
  20  1:57  Factory  
  20  2:03  Reaper  
  21  2:17  Barracks  
  21  2:18  SCV  
  23  2:41  Hellion  
  23  2:44  Barracks Reactor  
  24  2:52  Command Center  
  24  3:03  Factory Tech Lab  
  24  3:05  Barracks Tech Lab  
  24  3:10  Starport  
  24  3:17  SCV  
  25  3:23  Supply Depot  
  25  3:24  Marine x3  
  28  3:29  SCV  
  28  3:39  Cyclone  
  30  3:41  SCV  
  30  3:45  Supply Depot  
  30  3:47  Engineering Bay  
  31  3:53  Stimpack  
  31  3:55  Marine x2  
  33  3:59  Marine  
  34  4:06  Orbital Command  
  34  4:16  Mag-Field Accelerator  
  34  4:20  Starport Reactor  
  34  4:27  Missile Turret  
  34  4:31  Orbital Command  
  34  4:38  Missile Turret  
  34  4:44  Marine x2  
  36  4:46  Cyclone  
  39  5:02  Missile Turret  
  39  5:03  Marine x3  
  42  5:08  Medivac  
  42  5:12  SCV x2  
  46  5:21  Marine x2  
  46  5:24  SCV x2  
  50  5:29  Refinery  
  50  5:30  Refinery  
  50  5:32  Medivac  
  52  5:36  SCV  
  52  5:40  SCV  
  54  5:44  Marine  
  54  5:48  SCV  
  56  5:53  SCV  
  57  5:58  Command Center  
  57  6:01  SCV  
  57  6:02  Marine  
  59  6:05  Marine x2, SCV  
  59  6:06  Combat Shield  
  62  6:17  Supply Depot  
  62  6:38  Marine, Cyclone  
  66  6:45  Medivac x2  
  70  6:56  Supply Depot  
  70  7:00  Missile Turret  
  70  7:09  Marine x3, Supply Depot  
  70  7:10  Supply Depot  
  73  7:27  Marine  
  55  7:45  Viking x2  
  55  7:48  Marine  
  55  7:49  Marine x2, Armory  
  62  7:55  Orbital Command  
  62  7:59  SCV x2  
  64  8:05  Terran Infantry Armor Level 1  
  64  8:06  Marine x2  
  64  8:07  Marine  
  64  8:10  Engineering Bay  
  64  8:11  SCV x2  
  69  8:15  Medivac x2  
  73  8:21  Supply Depot  
  73  8:23  SCV  
  73  8:24  Marine x3  
  77  8:37  Barracks  
  77  8:40  Barracks  
  77  8:42  Marine x3  
  77  8:45  Viking x2  
  84  8:48  Thor  
  90  9:00  Marine  
  91  9:11  Orbital Command  
  91  9:20  Marine x3  
  91  9:23  Terran Vehicle Weapons Level 1, Terran Infantry Weapons Level 1  
  94  9:27  Viking x2  
  94  9:30  Barracks  
  98  9:31  Thor  
  98  9:38  Marine x3  
  107  9:48  Barracks Reactor  
  107  9:49  Barracks Reactor  
  107  9:55  Marine  
  107  9:56  Marine  
  106  10:40  Orbital Command  
  106  10:47  Supply Depot  
  106  10:49  Supply Depot x2  
  106  10:50  Supply Depot  
  106  10:54  Marine x4  
  106  10:55  Marine x3  
  113  11:09  Thor  
  119  11:12  Marine x4, Factory x2  
  123  11:22  Viking x2  
  127  11:25  Terran Vehicle Weapons Level 2  
  127  11:40  Marine  
  127  11:41  Marine x2  
  130  11:56  Missile Turret  
  130  11:57  Factory Tech Lab x2  
  130  11:58  Missile Turret  
  130  11:59  Missile Turret x2  
  130  12:01  SCV  
  130  12:02  SCV x2  
  133  12:14  SCV x3  
  136  12:16  Sensor Tower  
  136  12:19  Barracks Reactor  
  135  12:26  SCV  
  136  12:44  Terran Infantry Weapons Level 2  
  136  12:45  Sensor Tower  
  136  12:46  Terran Infantry Armor Level 2  
  136  12:51  Sensor Tower  
  136  12:53  Missile Turret  
  136  12:55  Thor x2  
  136  12:57  Marine  
  149  13:04  Supply Depot x2  
  149  13:12  Supply Depot  
  149  13:13  Supply Depot  
  149  13:15  Supply Depot  
  149  13:25  Marine x5  
  149  13:26  Marine x4, SCV x3  
  161  13:28  Supply Depot  
  161  13:30  Supply Depot  
  161  13:32  Medivac x2  
  165  13:38  SCV x2  
  167  13:43  Marine x5  
  172  13:51  Supply Depot, Terran Vehicle Weapons Level 3  
  172  14:02  Viking x2  
  176  14:08  Refinery  
  176  14:11  Command Center  
  176  14:14  Command Center  
  176  14:25  Marine x5  
  176  14:26  Marine x2  
  176  14:27  Thor  
  186  15:01  Refinery  
  186  15:08  Thor x2  
  186  15:09  Marine  
  186  15:10  Marine  
  200  15:16  Terran Infantry Weapons Level 3  
  200  15:17  Terran Infantry Armor Level 3  
  131  16:29  Terran Vehicle And Ship Armor Level 1  
  122  16:35  Marine  
  122  16:36  Marine x6  
  122  16:37  Thor x3  
  127  17:10  Marine x7  
  127  17:11  Marine x2  
  136  17:20  Thor x3  
  154  17:27  Marine  
  154  17:28  Marine  
  76  18:02  Thor  
  17  19:23  Siege Tank  
  18  19:35  Marine x2  
  18  19:36  Marine x2  
Show
View Real Time Build Order
Export as new Build Order

Legol Protoss - Winner!

Build Orders:  

Get SALT Encoding   

  12  0:01  Probe  
  13  0:13  Probe  
  14  0:19  Pylon  
  14  0:25  Probe  
  15  0:37  Probe (Chrono Boost)  
  15  0:38  Gateway  
  16  0:49  Probe (Chrono Boost)  
  17  0:52  Assimilator  
  17  0:54  Probe (Chrono Boost)  
  18  1:10  Probe (Chrono Boost)  
  19  1:20  Probe (Chrono Boost)  
  19  1:25  Probe (Chrono Boost)  
  20  1:30  Cybernetics Core  
  20  1:31  Pylon  
  21  1:36  Probe  
  22  1:48  Probe  
  23  2:00  Probe  
  23  2:03  Stalker (Chrono Boost)  
  23  2:05  Gateway  
  25  2:09  Warp Gate  
  25  2:24  Nexus  
  25  2:31  Stalker  
  25  2:32  Assimilator  
  28  2:37  Probe  
  28  2:48  Forge  
  28  2:49  Probe  
  29  2:52  Stalker  
  31  3:18  Pylon  
  31  3:22  Pylon  
  31  3:31  Robotics Facility  
  31  3:36  Probe  
  32  3:44  Probe  
  32  3:48  Probe, Stalker x2  
  38  3:56  Probe, Photon Cannon  
  38  4:01  Protoss Ground Weapons Level 1 (Chrono Boost), Photon Cannon  
  39  4:13  Probe x2  
  41  4:20  Observer (Chrono Boost)  
  42  4:26  Probe (Chrono Boost), Gateway  
  42  4:30  Probe (Chrono Boost)  
  44  4:36  Probe (Chrono Boost)  
  44  4:38  Immortal  
  46  4:40  Probe (Chrono Boost)  
  46  4:44  Stalker  
  52  4:46  Probe  
  52  4:50  Probe  
  54  5:04  Probe x2  
  54  5:07  Assimilator  
  56  5:10  Assimilator  
  56  5:14  Photon Cannon  
  56  5:16  Probe (Chrono Boost)  
  56  5:18  Probe (Chrono Boost)  
  56  5:19  Immortal  
  62  5:36  Probe (Chrono Boost)  
  62  5:51  Pylon  
  62  5:54  Pylon  
  62  5:57  Pylon  
  62  5:58  Photon Cannon  
  62  6:03  Photon Cannon  
  62  6:06  Gateway x2  
  62  6:07  Photon Cannon  
  62  6:09  Probe  
  63  6:12  Gateway  
  63  6:15  Stalker x2  
  63  6:16  Stalker  
  67  6:37  Immortal (Chrono Boost)  
  71  6:41  Protoss Ground Armor Level 1 (Chrono Boost)  
  71  6:52  Twilight Council  
  71  7:09  Stalker x4  
  71  7:10  Nexus, Stalker  
  73  7:45  Probe (Chrono Boost)  
  73  7:50  Photon Cannon  
  74  7:51  Charge (Chrono Boost)  
  74  7:54  Probe (Chrono Boost)  
  76  7:59  Probe x2 (Chrono Boost)  
  77  8:10  Probe  
  77  8:11  Probe  
  79  8:15  Robotics Bay  
  79  8:20  Templar Archives, Warp Prism (Chrono Boost)  
  79  8:22  Probe  
  82  8:28  Stalker x3  
  82  8:29  Stalker x2  
  92  8:40  Assimilator  
  92  8:42  Assimilator  
  92  8:45  Pylon  
  92  8:48  Pylon  
  92  8:51  Gateway  
  92  8:54  Gateway  
  92  9:04  Probe x3  
  92  9:08  Zealot  
  92  9:09  Zealot  
  99  9:10  Zealot x3  
  99  9:16  Probe x3  
  108  9:17  Gateway  
  108  9:18  Gateway  
  108  9:22  Gateway  
  108  9:44  Zealot  
  108  9:45  Zealot x3  
  116  9:48  Psionic Storm  
  116  9:55  Pylon  
  116  9:58  Pylon  
  116  10:02  Pylon  
  116  10:06  Pylon x2  
  114  10:32  High Templar x4  
  114  10:33  High Templar x5  
  114  10:34  High Templar  
  126  10:37  Archon x3  
  126  10:39  Archon  
  126  11:05  Zealot x7  
  126  11:06  Zealot x3  
  136  11:34  High Templar x3  
  136  11:35  High Templar x6  
  136  11:38  Archon  
  136  11:39  Archon x2  
  146  11:44  Pylon  
  146  11:46  Pylon  
  144  11:49  Pylon  
  144  11:58  Gateway  
  144  11:59  Nexus  
  144  12:00  Pylon, Gateway  
  144  12:01  Pylon  
  144  12:03  Pylon, Gateway  
  144  12:15  Zealot  
  146  12:16  Zealot  
  146  12:17  Zealot x3  
  146  12:18  Zealot x2  
  144  12:26  Zealot x4  
  144  12:27  Zealot x4  
  144  12:28  Zealot  
  160  12:44  Protoss Ground Weapons Level 2 (Chrono Boost)  
  160  12:51  Forge  
  160  12:56  Assimilator  
  160  13:02  Assimilator  
  160  13:08  High Templar x6  
  160  13:09  High Templar x2  
  160  13:10  Pylon  
  160  13:12  Archon x4  
  176  13:48  Probe (Chrono Boost)  
  177  13:58  Probe (Chrono Boost)  
  177  14:02  Photon Cannon  
  178  14:03  Probe (Chrono Boost)  
  178  14:05  Photon Cannon  
  178  14:08  Photon Cannon  
  178  14:09  Photon Cannon  
  179  14:12  Photon Cannon  
  179  14:14  Probe, Photon Cannon  
  180  14:20  High Templar x5  
  190  14:24  Archon x2  
  190  14:26  Probe  
  173  14:55  High Templar x6  
  173  14:56  High Templar  
  173  14:59  Archon x3  
  187  15:07  Protoss Ground Armor Level 2 (Chrono Boost)  
  187  15:08  Protoss Ground Weapons Level 3 (Chrono Boost)  
  187  15:14  Warp Prism (Chrono Boost)  
  173  16:04  Nexus  
  173  16:08  Assimilator  
  173  16:12  Assimilator  
  173  16:14  Pylon  
  173  16:16  Pylon  
  171  16:18  Pylon  
  151  16:40  Zealot x3  
  151  16:41  Zealot x6  
  151  16:42  Zealot x3  
  151  16:43  Zealot  
  151  17:16  High Templar x6  
  151  17:17  High Templar x6  
  151  17:18  High Templar  
  151  17:20  Archon x3  
  151  17:21  Archon x3  
  151  18:04  Zealot x3  
  151  18:05  Zealot x6  
  169  18:33  High Templar  
  169  18:34  High Templar x7  
  175  18:35  High Templar x5  
  175  18:37  Archon  
  175  18:38  Archon x4  
  175  18:39  Archon  
  173  19:17  High Templar x2  
  173  19:18  High Templar x3  
  173  19:21  Archon  
  173  19:22  Archon  
  173  19:23  Zealot x4  
  173  19:24  Zealot x4  
Show
View Real Time Build Order
Export as new Build Order

blue Protoss - Winner!

Build Orders: Oracle Opening, Carriers 

Get SALT Encoding   

  12  0:12  Pylon  
  12  0:17  Probe  
  13  0:29  Probe  
  13  0:35  Gateway  
  14  0:41  Probe  
  15  0:44  Assimilator  
  15  0:53  Assimilator  
  15  0:54  Probe  
  16  1:06  Probe (Chrono Boost)  
  17  1:18  Probe (Chrono Boost)  
  18  1:23  Probe (Chrono Boost)  
  18  1:24  Cybernetics Core  
  19  1:32  Probe (Chrono Boost)  
  20  1:35  Forge  
  20  1:44  Probe (Chrono Boost)  
  20  1:46  Pylon  
  21  1:49  Probe (Chrono Boost)  
  22  1:58  Probe  
  23  2:05  Stargate  
  23  2:11  Pylon  
  23  2:23  Stargate  
  23  2:33  Photon Cannon  
  23  2:39  Photon Cannon  
  26  2:53  Oracle (Chrono Boost)  
  26  3:14  Oracle (Chrono Boost)  
  29  3:32  Nexus  
  29  3:43  Oracle (Chrono Boost)  
  32  3:56  Probe  
  33  4:08  Probe (Chrono Boost)  
  34  4:20  Probe (Chrono Boost)  
  34  4:21  Void Ray  
  34  4:24  Pylon  
  39  4:27  Pylon  
  39  4:42  Probe  
  40  4:54  Probe  
  33  5:08  Probe (Chrono Boost)  
  33  5:09  Void Ray x2  
  33  5:13  Probe (Chrono Boost)  
  42  5:19  Assimilator  
  42  5:20  Assimilator  
  42  5:24  Probe (Chrono Boost)  
  42  5:27  Probe (Chrono Boost)  
  44  5:33  Probe (Chrono Boost)  
  44  5:35  Probe (Chrono Boost)  
  46  5:39  Probe (Chrono Boost)  
  46  5:40  Probe (Chrono Boost)  
  48  5:51  Probe  
  48  5:52  Probe  
  50  6:02  Void Ray x2  
  59  6:05  Probe (Chrono Boost)  
  59  6:10  Probe (Chrono Boost)  
  60  6:19  Nexus  
  60  6:20  Probe (Chrono Boost)  
  61  6:25  Probe (Chrono Boost)  
  62  6:37  Probe  
  63  6:46  Pylon  
  63  6:49  Probe  
  63  6:50  Pylon  
  64  6:54  Void Ray  
  64  7:01  Probe, Pylon  
  68  7:04  Void Ray  
  68  7:47  Probe (Chrono Boost)  
  69  7:51  Void Ray x2  
  69  7:56  Pylon  
  69  7:57  Probe (Chrono Boost), Stargate  
  78  8:00  Stargate x2  
  78  8:02  Probe (Chrono Boost)  
  78  8:05  Pylon  
  79  8:08  Pylon  
  79  8:13  Probe  
  79  8:18  Shield Battery  
  79  8:19  Photon Cannon  
  80  8:24  Shield Battery  
  80  8:25  Probe  
  80  8:27  Shield Battery  
  81  8:29  Photon Cannon  
  81  8:33  Pylon  
  81  8:37  Probe  
  81  8:41  Photon Cannon  
  82  8:42  Photon Cannon  
  82  8:44  Photon Cannon  
  82  8:46  Photon Cannon  
  82  8:49  Probe (Chrono Boost)  
  82  8:50  Assimilator  
  82  8:55  Assimilator  
  83  8:57  Photon Cannon  
  83  9:01  Probe (Chrono Boost)  
  84  9:03  Photon Cannon  
  84  9:05  Probe (Chrono Boost), Shield Battery  
  85  9:13  Void Ray x2  
  85  9:14  Void Ray x2  
  85  9:16  Probe  
  102  9:18  Void Ray  
  106  9:28  Probe  
  106  9:29  Fleet Beacon  
  53  10:21  Unknown  
  53  10:26  Probe (Chrono Boost)  
  55  10:36  Probe (Chrono Boost)  
  55  10:40  Probe (Chrono Boost)  
  74  10:44  Twilight Council  
  74  10:46  Carrier x3 (Chrono Boost)  
  74  10:47  Cybernetics Core  
  74  10:52  Probe (Chrono Boost)  
  75  11:03  Pylon  
  76  11:04  Probe (Chrono Boost)  
  76  11:09  Photon Cannon  
  76  11:10  Probe (Chrono Boost)  
  77  11:12  Carrier (Chrono Boost)  
  77  11:17  Carrier (Chrono Boost)  
  89  11:40  Probe (Chrono Boost)  
  89  11:46  Void Ray  
  89  11:47  Void Ray x2  
  94  11:50  Probe (Chrono Boost)  
  94  11:51  Nexus  
  103  11:55  Probe (Chrono Boost)  
  103  11:58  Pylon  
  103  12:01  Pylon  
  104  12:07  Pylon  
  104  12:11  Pylon  
  104  12:14  Pylon  
  104  12:15  Probe  
  105  12:32  Carrier x3  
  123  12:42  Robotics Facility  
  123  12:54  Shield Battery  
  123  12:59  Photon Cannon  
  123  13:03  Probe (Chrono Boost)  
  123  13:04  Photon Cannon  
  124  13:08  Photon Cannon  
  124  13:11  Photon Cannon  
  125  13:13  Probe (Chrono Boost)  
  125  13:14  Shield Battery  
  125  13:19  Shield Battery  
  125  13:20  Probe (Chrono Boost)  
  125  13:21  Probe (Chrono Boost)  
  127  13:30  Probe (Chrono Boost)  
  127  13:32  Probe (Chrono Boost)  
  129  13:35  Probe (Chrono Boost)  
  130  13:41  Probe  
  130  13:46  Probe  
  132  13:54  Probe  
  133  13:58  Probe  
  134  14:07  Protoss Shields Level 1  
  140  14:10  Carrier x4  
  158  14:19  Carrier  
  158  14:21  Protoss Air Armor Level 1, Protoss Air Weapons Level 1, Probe (Chrono Boost)  
  165  14:26  Assimilator  
  165  14:27  Assimilator  
  165  14:31  Probe (Chrono Boost)  
  166  14:36  Probe (Chrono Boost)  
  167  14:39  Pylon  
  167  14:40  Pylon  
  167  14:47  Probe  
  168  15:20  Carrier x2  
  186  15:27  Mothership  
  115  16:36  Nexus  
  115  16:40  Carrier x4  
  115  16:41  Carrier  
  145  16:48  Nexus  
  105  18:14  Carrier x2  
  105  18:15  Carrier x2  
  129  18:20  Assimilator  
  129  18:22  Assimilator  
  123  18:32  Assimilator  
Tags
 
Add a new tag
Caveats
  • Supply blocks, unpowered buildings, or Contaminate may cause inaccurate times.
  • Supply counts are checked every 10 seconds.